 Dungeon Crawl Stone Soup version 0.29.1-2-gbd0b4ee654 (webtiles) character file.

Game seed: 6184844508312934494

60941 boopmooplesden the Severer (level 14, -24/138 HPs)
             Began as a Minotaur Berserker on Nov 17, 2022.
             Was a High Priest of Trog.
             Killed from afar by a fire dragon (54 damage)
             ... with a blast of flame
             ... on level 5 of the Lair of Beasts.
             The game lasted 00:26:21 (21159 turns).

boopmooplesden the Severer (Minotaur Berserker)    Turns: 21159, Time: 00:26:22

Health: -24/138    AC: 16    Str: 39    XL:     14   Next: 58%
Magic:  13/13      EV: 16    Int:  4    God:    Trog [*****.]
Gold:   1244       SH:  0    Dex: 19    Spells: 13/13 levels left

rFire   . . .      SeeInvis .   R - +7 broad axe (freeze)
rCold   . . .      Faith    .   f - orb {light}
rNeg    . . .      Spirit   .   o - +0 scale mail of the Shining One {Will- rCorr Str+9}
rPois   .          Reflect  .   J - +2 hat {Will+}
rElec   .          Harm     .   D - +2 cloak
rCorr   +          Rampage  .   (no gloves)
Will    +....                   h - +0 pair of boots
Stlth   +.........              (no amulet)
HPRegen 0.33/turn               u - ring of Hicvaoff {Contam Str+6 Dex+6 Stlth+}
MPRegen 0.13/turn               (no ring)

@: lethally poisoned (-24 -> -26), glowing
A: horns 2, retaliatory headbutt
a: Renounce Religion, Berserk, Trog's Hand, Brothers in Arms


You were on level 5 of the Lair of Beasts.
You worshipped Trog.
Trog was extremely pleased with you.
You visited 2 branches of the dungeon, and saw 18 of its levels.
You also visited: Bailey and Ice Cave.

You collected 1307 gold pieces.
You spent 63 gold pieces at shops.

Inventory:

Hand Weapons
 B - the +5 bardiche "Veuggaudgh" {drain, rN+ Str+5}
   (You found it on level 4 of the Lair of Beasts)

   A truly terrible weapon, it drains the life of any living foe it strikes.
   Str:       It affects your strength (+5).
   rN:        It protects you from negative energy.
 R - a +7 broad axe of freezing (weapon)
 V - a +4 executioner's axe
 W - a +2 triple sword of freezing
 X - the +4 whip "Zipruso" {vorpal, rC- Will+++ Dex+4}
   (You found it on level 13 of the Dungeon)

   It inflicts extra damage upon your enemies.
   Dex:       It affects your dexterity (+4).
   rC:        It makes you vulnerable to cold.
   Will:      It greatly increases your willpower.
 Z - a +5 lajatang
Missiles
 j - 16 boomerangs (quivered)
 O - a throwing net
Armour
 f - an orb of light (worn)
 h - a +0 pair of boots (worn)
 o - the +0 scale mail of the Shining One (worn) {Will- rCorr Str+9}
   (You found it on level 3 of the Dungeon)

   Str:       It affects your strength (+9).
   rCorr:     It protects you from acid and corrosion.
   Will:      It decreases your willpower.
 D - a +2 cloak (worn)
 H - a +0 kite shield
 J - a +2 hat of willpower (worn)
Jewellery
 g - a ring of poison resistance
 p - a +6 ring of strength
 r - an amulet of regeneration
 t - an amulet of faith
 u - the ring of Hicvaoff (left hand) {Contam Str+6 Dex+6 Stlth+}
   (You found it on level 4 of the Dungeon)

   [ring of strength]

   Str:       It affects your strength (+6).
   Dex:       It affects your dexterity (+6).
   Contam:    It causes magical contamination when unequipped.
   Stlth:     It makes you more stealthy.
 A - an amulet of reflection
 G - a +6 ring of intelligence
 I - a ring of ice
 S - a +6 ring of intelligence
Wands
 a - a wand of flame (6)
 C - a wand of polymorph (8)
 F - a wand of mindburst (13)
 P - a wand of charming (6)
Scrolls
 d - 5 scrolls of poison
 m - 6 scrolls of fear
 q - 7 scrolls of teleportation
 s - 3 scrolls of butterflies
 v - 7 scrolls of magic mapping
 y - 3 scrolls of blinking
 z - 7 scrolls of identify
 Y - 4 scrolls of immolation {unknown}
Potions
 b - 5 potions of might
 c - 9 potions of curing
 e - 7 potions of brilliance
 i - 5 potions of degeneration {unknown}
 k - 2 potions of lignification
 l - a potion of flight
 n - 2 potions of mutation {unknown}
 x - 5 potions of attraction
 E - 8 potions of magic
 K - 11 potions of haste
 L - 6 potions of cancellation
 M - a potion of resistance {unknown}
 N - a potion of ambrosia {unknown}
 Q - 2 potions of berserk rage
 T - 2 potions of heal wounds
 U - a potion of invisibility {unknown}
Miscellaneous
 w - a phantom mirror


   Skills:
 + Level 16.3 Fighting
 + Level 20.4 Axes
 + Level 13.1 Armour
 + Level 8.9 Dodging
 + Level 4.2 Stealth


You had 13 spell levels left.
You didn't know any spells.
Your spell library was empty.

Dungeon Overview and Level Annotations

Branches:
Dungeon (13/15)            Temple (0/1) D:5            Lair (4/5) D:9
  Swamp (0/4) Lair:2        Snake (0/4) Lair:3        Slime (0/5) Lair:4
    Orc (0/2) D:10         Bailey (visited)           IceCv (visited)
 Vaults: D:13-14

Altars:
Fedhas
Gozag
Hepliaklqana
Kikubaaqudgha
Trog
Vehumet
Yredelemnul
Jiyva

Shops:
D:2 *[?!   D:11 ?


Innate Abilities, Weirdness & Mutations

You have a pair of horns on your head.
You reflexively headbutt those who attack you in melee.


Message History

You feel less confused.
You feel very sick.
A nearby plant withers and dies.
The swamp dragon bites you! The swamp dragon misses you.
The swamp dragon completely misses you. The fire dragon bites you!
The fire dragon misses you.
The fire dragon tramples you but does no damage.
The steam dragon bites you. The steam dragon completely misses you.
The komodo dragon bites you but does no damage.
The swamp dragon bites you!
* * * LOW HITPOINT WARNING * * *
The swamp dragon closely misses you. The swamp dragon misses you.
The fire dragon misses you.
The fire dragon claws you but does no damage.
The fire dragon misses you. The steam dragon bites you.
* * * LOW HITPOINT WARNING * * *
The steam dragon claws you but does no damage.
The komodo dragon barely misses you.
You see here a swamp drake corpse.
You are engulfed in a cloud of scalding steam.
* * * LOW HITPOINT WARNING * * *
You feel sick.
A komodo dragon comes into view.
The swamp dragon is engulfed in a cloud of scalding steam.
The swamp dragon bites you.
* * * LOW HITPOINT WARNING * * *
The swamp dragon claws you but does no damage.
The swamp dragon completely misses you. The steam dragon breathes steam at you.
The ball of steam hits you!
* * * LOW HITPOINT WARNING * * *
The steam dragon bites you but does no damage.
The steam dragon barely misses you.
You hear an angry hiss. x3
You see here 9 gold pieces.
You feel much better.
You feel sick.
The komodo dragon completely misses you.
You furiously retaliate!
You headbutt the komodo dragon!! The fire dragon breathes flames at you.
The blast of flame hits you!!!
You die...

.~...♣
.~~~.♣
♣♣l~≈≈~♣
♣.~≈≈≈~♣
♣~≈≈≈≈~♣
$..~≈≈~♣
♣♣♣♣l~≈≈≈~♣
♣§§@D~≈≈~.♣
♣♣§DD†≈≈..♣♣
♣..[.~≈≈~.♣
♣♣)?..~~.♣♣
♣$.$.~≈~~.♣
♣♣♣P~.≈~..♣
♣~~≈~.♣♣♣
♣♣....♣
≈~P.♣♣


You could see a fire dragon (catching breath), a swamp dragon, 2 komodo dragons
and a steam dragon (catching breath).

Vanquished Creatures
  A frost giant (IceCv)
  The ghost of Qadapt the Summoner, a journeyman TeSu of Fedhas (Lair:4)
  Fannar (D:10)
  A rakshasa (D:12)
  3 boulder beetles
  6 hydras
  2 two-headed ogres
  A centaur warrior (D:12)
  13 death yaks
  4 skeletal warriors (D:11)
  Pikel (D:7)
  4 deep elf pyromancers
  An orc knight (Bailey)
  An ugly thing (D:12)
  3 manticores
  3 cyclopes
  6 elephants (Lair:2)
  An ice statue (IceCv)
  A moth of wrath (Lair:4)
  Joseph (D:7)
  3 black mambas
  9 cane toads
  2 gargoyles
  8 rime drakes
  Maggie (D:8)
  A tengu conjurer (D:12)
  2 kobold demonologists (D:12)
  3 komodo dragons
  7 polar bears
  4 trolls
  5 blink frogs (Lair:2)
  7 slime creatures
  A blink frog (shapeshifter) (D:13)
  Sigmund (D:2)
  3 vampires
  3 wyverns
  45 yaks
  A water elemental (D:11)
  2 wraiths
  A basilisk (Lair:4)
  Grum (Lair:1)
  3 steam dragons (D:8)
  9 vampire mosquitoes
  2 wargs (D:10)
  Menkaure (D:7)
  2 nagas (Lair:3)
  11 water moccasins
  3 acid dragons
  4 orc warriors
  A swamp drake (Lair:5)
  A sky beast (D:6)
  5 black bears
  An ice beast (D:8)
  23 wolves
  4 ogres
  5 centaurs
  9 kobold brigands
  2 lemures (D:7)
  3 phantoms
  12 bullfrogs
  A gnoll sergeant (D:10)
  2 necrophages
  8 wights (D:7)
  6 killer bees (D:6)
  4 electric eels
  6 howler monkeys
  A hound (D:7)
  9 orc priests
  4 jellies
  Crazy Yiuf (D:5)
  10 orc wizards
  13 gnolls
  5 adders
  A shadow imp (D:7)
  An ufetubus (D:5)
  A worm (D:4)
  2 dart slugs
  53 orcs
  4 endoplasms
  2 giant cockroaches (D:1)
  10 goblins
  7 hobgoblins
  2 jackals (D:1)
  35 kobolds
  5 quokkas
  7 ball pythons
  3 bats
  2 frilled lizards
  A goblin zombie (D:4)
  5 rats
477 creatures vanquished.

Vanquished Creatures (collateral kills)
  Gastronok (D:10)
1 creature vanquished.

Vanquished Creatures (others)
  A wizard (D:5)
  23 fungi
  38 plants
62 creatures vanquished.

Grand Total: 540 creatures vanquished

Notes
Turn   | Place    | Note
-------+----------+-------------------------------------------
     0 | D:1      | boopmooplesden the Minotaur Berserker began the quest for
                  | the Orb.
     0 | D:1      | Reached XP level 1. HP: 19/19 MP: 0/0
   461 | D:1      | Reached skill level 4 in Axes
   461 | D:1      | Reached XP level 2. HP: 22/27 MP: 1/1
   904 | D:1      | Found a faded altar of an unknown god.
  1522 | D:2      | Reached XP level 3. HP: 30/33 MP: 2/2
  1603 | D:2      | Found Feusin's General Store.
  1604 | D:2      | Found Yreonat's Armour Emporium.
  1639 | D:2      | Bought a +0 pair of boots for 63 gold pieces
  1670 | D:2      | Found Namycwaf's Magic Scroll Shoppe.
  1837 | D:2      | Found Teceeblu's Distillery.
  1904 | D:2      | Noticed Sigmund
  1912 | D:2      | Killed Sigmund
  1913 | D:2      | Reached skill level 5 in Fighting
  1913 | D:2      | Reached skill level 5 in Axes
  1913 | D:2      | Reached skill level 1 in Stealth
  1913 | D:2      | Reached XP level 4. HP: 31/42 MP: 3/3
  1913 | D:2      | Reached XP level 5. HP: 35/48 MP: 4/4
  2510 | D:3      | Identified the +0 scale mail of the Shining One {Will-
                  | rCorr Str+9}
  2660 | D:3      | Reached ** piety under Trog
  3097 | D:4      | Noticed a phantom
  3104 | D:4      | Killed a phantom
  3105 | D:4      | Reached skill level 6 in Axes
  3105 | D:4      | Reached XP level 6. HP: 50/56 MP: 5/5
  3257 | D:4      | Identified the ring of Hicvaoff {Contam Str+6 Dex+6 Stlth+}
  3262 | D:4      | Found a runed translucent door.
  3262 | D:4      | Noticed a human
  3686 | D:4      | Found a basalt altar of Yredelemnul.
  3946 | D:4      | Found the +1 Delatra's gloves {ID++}
  4050 | D:4      | Found a blossoming altar of Fedhas.
  4050 | D:4      | Found a radiant altar of Vehumet.
  4299 | D:5      | Entered Level 5 of the Dungeon
  4319 | D:5      | Reached skill level 7 in Axes
  4319 | D:5      | Reached XP level 7. HP: 53/61 MP: 6/6
  4396 | D:5      | Found a staircase to the Ecumenical Temple.
  4726 | D:5      | Found a runed translucent door.
  4727 | D:5      | Noticed Crazy Yiuf
  4963 | D:5      | Found a bloodstained altar of Trog.
  4968 | D:5      | Noticed a wizard
  4971 | D:5      | Killed a wizard
  5033 | D:5      | Noticed a troll
  5042 | D:5      | Killed a troll
  5043 | D:5      | Reached skill level 8 in Axes
  5043 | D:5      | Reached XP level 8. HP: 70/70 MP: 7/7
  5090 | D:5      | Reached skill level 5 in Armour
  5401 | D:5      | Killed Crazy Yiuf
  5753 | D:6      | Reached skill level 9 in Axes
  5936 | D:6      | Reached *** piety under Trog
  6297 | D:6      | Reached skill level 10 in Axes
  6389 | D:6      | Reached XP level 9. HP: 77/78 MP: 8/8
  6414 | D:6      | Reached skill level 5 in Dodging
  6609 | D:6      | Identified the +1 short sword "Beetleslayer" {flame, Will+}
  6739 | D:6      | Found a hazy altar of Hepliaklqana.
  7403 | D:7      | Noticed Pikel
  7411 | D:7      | Killed Pikel
  7466 | D:7      | Noticed Menkaure
  7472 | D:7      | Killed Menkaure
  7473 | D:7      | Reached skill level 11 in Axes
  7791 | D:7      | Reached skill level 12 in Axes
  7793 | D:7      | Reached **** piety under Trog
  7981 | D:7      | Noticed Joseph
  7988 | D:7      | Killed Joseph
  7989 | D:7      | Reached XP level 10. HP: 66/88 MP: 9/9
  8097 | D:7      | Found an opulent altar of Gozag.
  8165 | D:7      | You fall into a shaft and drop 3 floors!
  8165 | D:10     | Entered Level 10 of the Dungeon
  8230 | D:10     | Noticed Fannar
  8239 | D:10     | Killed Fannar
  8244 | D:10     | Noticed Gastronok
  8269 | D:10     | Killed Gastronok
  8270 | D:10     | Reached skill level 13 in Axes
  8751 | D:10     | Reached skill level 14 in Axes
  8807 | D:10     | Found a staircase to the Orcish Mines.
  8859 | D:10     | Noticed a gargoyle
  8869 | D:10     | Killed a gargoyle
  8930 | D:10     | Reached XP level 11. HP: 49/99 MP: 10/10
  8932 | D:10     | Found a flagged portal.
  8939 | Bailey   | Entered a bailey
  9301 | Bailey   | Noticed an orc knight
  9310 | Bailey   | Killed an orc knight
  9522 | D:10     | Noticed a two-headed ogre
  9533 | D:10     | Reached skill level 10 in Fighting
  9536 | D:10     | Killed a two-headed ogre
  9544 | D:10     | Identified the +2 dagger "Minar" {drain, Fly Str+3 Int+2
                  | Stlth-}
  9904 | D:9      | Noticed a deep elf pyromancer
  9911 | D:9      | Killed a deep elf pyromancer
  9913 | D:9      | Noticed a brown ugly thing
  9913 | D:9      | Noticed a deep elf pyromancer
  9913 | D:9      | Noticed a centaur warrior
  9913 | D:9      | Noticed a two-headed ogre
  9913 | D:9      | Noticed a two-headed ogre
 10016 | D:9      | Reached skill level 15 in Axes
 10219 | D:9      | Reached ***** piety under Trog
 10271 | D:9      | Found a staircase to the Lair.
 10490 | D:8      | Noticed Maggie
 10497 | D:8      | Killed Maggie
 11910 | D:11     | Noticed a boulder beetle
 11930 | D:11     | Killed a boulder beetle
 11973 | D:11     | Found an ancient bone altar of Kikubaaqudgha.
 12225 | D:11     | Reached skill level 16 in Axes
 12350 | D:11     | Reached skill level 10 in Armour
 12667 | D:11     | Reached XP level 12. HP: 111/111 MP: 11/11
 12768 | D:11     | Found Ruucic's Magic Scroll Shoppe.
 13769 | D:12     | Noticed a seven-headed hydra
 13774 | D:12     | Killed a nine-headed hydra
 13974 | D:12     | Reached skill level 17 in Axes
 13977 | D:12     | Noticed a rakshasa
 13987 | D:12     | Killed a rakshasa
 14349 | D:12     | Noticed a two-headed ogre
 14358 | D:12     | Killed a two-headed ogre
 14409 | D:12     | Noticed a boulder beetle
 14418 | D:12     | Killed a boulder beetle
 14476 | D:12     | Noticed a centaur warrior
 14483 | D:12     | Killed a centaur warrior
 15018 | D:12     | Reached skill level 18 in Axes
 15018 | D:12     | Reached XP level 13. HP: 122/122 MP: 12/12
 15475 | D:13     | Found a frozen archway.
 15501 | IceCv    | Entered an ice cave
 15526 | IceCv    | Received a gift from Trog
 16249 | IceCv    | Reached skill level 19 in Axes
 16530 | IceCv    | Noticed a frost giant
 16541 | IceCv    | Killed a frost giant
 17257 | D:13     | Identified the +4 whip "Zipruso" {vorpal, rC- Will+++
                  | Dex+4}
 17812 | Lair:1   | Entered Level 1 of the Lair of Beasts
 17964 | Lair:1   | Reached skill level 15 in Fighting
 18052 | Lair:1   | Noticed Grum
 18056 | Lair:1   | Killed Grum
 19068 | Lair:2   | Received a gift from Trog
 19069 | Lair:2   | Reached XP level 14. HP: 135/135 MP: 13/13
 19824 | Lair:2   | Found a staircase to the Swamp.
 20082 | Lair:3   | Found a staircase to the Snake Pit.
 20234 | Lair:3   | Reached skill level 20 in Axes
 20758 | Lair:4   | Found a transporter.
 20758 | Lair:4   | Noticed Qadapt's ghost (journeyman TeSu)
 20775 | Lair:4   | Found a runed translucent door.
 20776 | Lair:4   | Found a viscous altar of Jiyva.
 20778 | Lair:4   | Found a staircase to the Slime Pits.
 20789 | Lair:4   | Received a gift from Trog
 20814 | Lair:4   | Found a transporter.
 20833 | Lair:4   | Killed Qadapt's ghost
 20866 | Lair:4   | Identified the +5 bardiche "Veuggaudgh" {drain, rN+ Str+5}
 21142 | Lair:4   | You fall into a shaft and drop 1 floor!
 21142 | Lair:5   | Entered Level 5 of the Lair of Beasts
 21158 | Lair:5   | HP: 5/138 [steam dragon/ball of steam (10)]
 21159 | Lair:5   | Killed from afar by a fire dragon

Illustrated notes

Levels and vault maps discovered:
D:1:      amcnicky_arrival_flooded_fountain, layout_loops_ring,
          hellmonk_ecumenical_altar_dog_temple
D:2:      layout_basic, serial_shops, shop, nicolae_shop_crystal, shop, shop,
          uniq_sigmund
D:3:      layout_loops_corners, minmay_misc_feat_more_columns,
          minmay_misc_feat_enclosed, st_stairs_1, minivault_24
D:4:      layout_basic, dk_yredelemnul_ordeal, nicolae_overflow_two_pavilions
D:5:      layout_basic, trog_wizard, minmay_temple_entry_mist,
          uniq_crazy_yiuf_cottage
D:6:      layout_basic, worldfamousw_hep_ancestral_shrine
D:7:      layout_basic, mainiacjoe_overflow_boulevard, uniq_menkaure,
          uniq_pikel, uniq_joseph
D:8:      kennysheep_steamy, layout_rooms, uniq_maggie
D:9:      layout_basic, grunt_lair_entry_orc_guard_hut, minivault_12
D:10:     layout_loops_corners, david_orc_1_choice, enter_bailey_3,
          uniq_gastronok, uniq_fannar
D:11:     layout_loops_corners, serial_shops, shop, serial_bayou,
          serial_bayou_pond_a, serial_bayou_pond_c, serial_bayou_lake_a,
          serial_bayou_pond_b, kiku_gazebo_pond_becter
D:12:     nicolae_hexawheel, layout_stronghold
D:13:     layout_cave_pools, portal_ice_cave_entry_pillars_1
Lair:1:   layout_loops_ring, grunt_megastairs_5, uniq_grum
Lair:2:   layout_hall_layers, swamp_mist_pool, st_stairs_6, lemuel_fruit_tree
Lair:3:   layout_misc_corridors, guppyfry_snake_entry_island
Lair:4:   layout_gridlike, slime_entry_2, gammafunk_ghost_berserking_beasts
Lair:5:   hangedman_lair_in_review, layout_loops_ring, guppyfry_lair_end_dragon,
          lemuel_centaur_altar

Skill      XL: |  1  2  3  4  5  6  7  8  9 10 11 12 13 14 |
---------------+-------------------------------------------+-----
Fighting       | 4 5 6 8 9 11 13 15 16 | 16.3
Axes           | 4 5 6 7 8 10 12 14 16 18 19 20 | 20.4
Dodging        | 3 4 5 6 7 8 |  8.9
Stealth        | 1 2 3 4 |  4.2
Armour         | 3 4 6 7 8 10 11 12 13 | 13.1

Action                   |  1- 3 |  4- 6 |  7- 9 | 10-12 | 13-15 || total
-------------------------+-------+-------+-------+-------+-------++-------
Melee: Hand axe          |    54 |    64 |    31 |       |       ||   149
       Headbutt          |     5 |    13 |    33 |    84 |    81 ||   216
       War axe           |       |       |   123 |   248 |       ||   371
       Broad axe         |       |       |       |    94 |   272 ||   366
Invok: Berserk           |     2 |     2 |     3 |    12 |     5 ||    24
       Brothers in Arms  |       |       |       |     1 |       ||     1
  Use: Scroll            |     4 |     2 |     4 |     7 |    12 ||    29
       Potion            |     1 |       |       |     1 |     3 ||     5
 Stab: Sleeping          |     1 |       |       |       |       ||     1
       Distracted        |       |       |       |     2 |       ||     2
Armor: Animal skin       |    10 |     5 |       |       |       ||    15
       Scale mail        |       |     9 |    72 |   103 |   121 ||   305
Dodge: Dodged            |    40 |    35 |   107 |   201 |   221 ||   604
